AoeStats
← joaaco182

Arabian Desert

510454777Analyzed
1v1 RM · 2d ago on Oct 1, 2026· 26m 5s· 2 players
Game mode
Random Map
Map size
Tiny (2 player)
Population
200
Speed
Normal
Resources
Standard
Victory
Conquest
Starting age
Dark Age
Ending age
Imperial Age
RankedLock teamsTeams togetherTeam positionsShared explorationLock speedFull tech treeHidden civsTurbo modeCheats
Victory
Defeat
🇨🇦 Khmer · Canada
1037
+15
🇦🇷 Ethiopians · Argentina
1010
-15
joaaco182
7:44 Loom
9:57 Feudal Age
11:11 Double-Bit Axe
16:33 Fletching
22:21 Castle Age
22:54 Crossbowman
23:37 Bodkin Arrow
23:40 Double-Bit Axe
25:55 Forging
Playforfun
7:55 Loom
10:18 Feudal Age
14:02 Castle Age
14:21 Bloodlines
15:16 Double-Bit Axe
Connection lost

Rejoining the realm…

Still unreachable

The connection could not be restored.

Session expired

The server has moved on; the page needs a fresh start.